TOP OF THE 1ST |
Mumbai Horsemen batting - Pitching for Kabul Snow Leopards : RHP Ugdada Jitu
|
Pitching: RHP Ugdada Jitu
|
|
Batting: RHB Jean Seruya
|
0-0: Called Strike 0-1: Ball 1-1: Ball 2-1: Foul Ball, location: 9LDF 2-2: Ball 3-2: Strikes out swinging
|
Batting: RHB Behlül Akbulut
|
0-0: Called Strike 0-1: Ball 1-1: Called Strike 1-2: Foul Ball, location: 9LSF 1-2: Foul Ball, location: 2F 1-2: Foul Ball, location: 9LSF 1-2: Ball 2-2: Ball 3-2: Fly out, F9 (Flyball, 9S, EV 81.9 MPH)
|
Batting: LHB Félix Cruz
|
0-0: Ground out 3-1 (Groundball, 34, EV 90.0 MPH)
|
Top of the 1st over - 0 runs, 0 hits, 0 errors, 0 left on base; Mumbai 0 - Kabul 0 |
BOTTOM OF THE 1ST |
Kabul Snow Leopards batting - Pitching for Mumbai Horsemen : RHP Yebrir Seif
|
Pitching: RHP Yebrir Seif
|
|
Batting: RHB Zoubeir Onkwani
|
0-0: Ball 1-0: Ball 2-0: Ball 3-0: Called Strike 3-1: Foul Ball, location: 5F 3-2: Foul Ball, location: 9LSFF 3-2: Fly out, F9 (Flyball, 9, EV 91.3 MPH)
|
Batting: RHB Nabil Samy
|
0-0: Ball 1-0: Ball 2-0: Ball 3-0: Called Strike 3-1: SINGLE (Line Drive, 8RM, EV 87.5 MPH)
|
Batting: LHB Mendal Ben-Meir
|
0-0: Called Strike Nabil Samy steals 2nd base 0-1: Ball 1-1: Fly out, F9 (Flyball, 89S, EV 95.0 MPH)
|
Batting: LHB Berihun Diji
|
0-0: Ball 1-0: Ball 2-0: Ground out 4-3 (Groundball, 4, EV 80.6 MPH)
|
Bottom of the 1st over - 0 runs, 1 hit, 0 errors, 1 left on base; Mumbai 0 - Kabul 0 |
TOP OF THE 2ND |
Mumbai Horsemen batting - Pitching for Kabul Snow Leopards : RHP Ugdada Jitu
|
Batting: RHB Anis Wur
|
0-0: Ball 1-0: Swinging Strike 1-1: Fly out, F7 (Flyball, 78M, EV 86.3 MPH)
|
Batting: RHB Greguorio Gabere
|
0-0: Fly out, F9 (Flyball, 9, EV 79.4 MPH)
|
Batting: RHB Amayas Mammeri
|
0-0: Ball 1-0: Called Strike 1-1: Foul Ball, location: 7LSF 1-2: Foul Ball, location: 2LF 1-2: Ball 2-2: Ball 3-2: Ground out 5-3 (Groundball, 56, EV 81.3 MPH)
|
Top of the 2nd over - 0 runs, 0 hits, 0 errors, 0 left on base; Mumbai 0 - Kabul 0 |
BOTTOM OF THE 2ND |
Kabul Snow Leopards batting - Pitching for Mumbai Horsemen : RHP Yebrir Seif
|
Batting: RHB Kedar Safwan
|
0-0: Called Strike 0-1: Ball 1-1: DOUBLE (Line Drive, 8LXD, EV 105.0 MPH)
|
Batting: RHB Beni Patachli
|
0-0: Ball 1-0: DOUBLE (Line Drive, 78D, EV 101.9 MPH) Kedar Safwan scores
|
Batting: RHB Bogli Scindia
|
0-0: Foul Ball, location: 2F 0-1: Called Strike 0-2: DOUBLE (Line Drive, 9LD, EV 106.9 MPH) Beni Patachli scores
|
Batting: RHB Cetas Vijaysaradhi
|
0-0: Foul Ball, location: 3F 0-1: Ground out 6-3 (Groundball, 6, EV 101.9 MPH) Bogli Scindia to third
|
Batting: RHB Adirizak Thenga
|
0-0: Swinging Strike 0-1: Foul Ball, location: 23F 0-2: Fly out, F9 (Flyball, 9, EV 98.1 MPH) Runner from 3rd tags up, SCORES, throw by RF
|
Batting: RHB Zoubeir Onkwani
|
0-0: Foul Ball, location: 2F 0-1: Ground out 4-3 (Groundball, 4, EV 104.4 MPH)
|
Bottom of the 2nd over - 3 runs, 3 hits, 0 errors, 0 left on base; Mumbai 0 - Kabul 3 |
TOP OF THE 3RD |
Mumbai Horsemen batting - Pitching for Kabul Snow Leopards : RHP Ugdada Jitu
|
Batting: RHB Fakih Akil
|
0-0: Ball 1-0: Foul Ball, location: 5F 1-1: Called Strike 1-2: Ball 2-2: Foul Ball, location: 5F 2-2: Ball 3-2: Foul Ball, location: 3FF 3-2: SINGLE (Line Drive, 7LS, EV 88.1 MPH)
|
Batting: RHB Nokrashy Sahiri
|
0-0: Ball 1-0: Ball 2-0: Ball 3-0: Called Strike 3-1: Grounds into double play, 1-4-3 (Groundball, P, EV 70.0 MPH)
|
Batting: RHB Rajendran Khanderia
|
0-0: Ball 1-0: Fly out, F5 (Popup, 5, EV 75.6 MPH)
|
Top of the 3rd over - 0 runs, 1 hit, 0 errors, 0 left on base; Mumbai 0 - Kabul 3 |
BOTTOM OF THE 3RD |
Kabul Snow Leopards batting - Pitching for Mumbai Horsemen : RHP Yebrir Seif
|
Batting: RHB Nabil Samy
|
0-0: Swinging Strike 0-1: Ball 1-1: SOLO HOME RUN (Flyball, 89XD, EV 94.4 MPH), Distance : 378 ft
|
Batting: LHB Mendal Ben-Meir
|
0-0: Called Strike 0-1: Ground out 6-3 (Groundball, 6, EV 100.0 MPH)
|
Batting: LHB Berihun Diji
|
0-0: Ground out 1-3 (Groundball, 13S, EV 70.6 MPH)
|
Batting: RHB Kedar Safwan
|
0-0: Ball 1-0: Ball 2-0: Called Strike 2-1: Ball 3-1: Called Strike 3-2: Base on Balls
|
Batting: RHB Beni Patachli
|
0-0: Swinging Strike 0-1: DOUBLE (Line Drive, 9LD, EV 110.0 MPH) Kedar Safwan to third Runner from 3rd tries for Home, SAFE, no throw by RF
|
Batting: RHB Bogli Scindia
|
0-0: Called Strike 0-1: Called Strike 0-2: Ball 1-2: Fly out, F8 (Flyball, 8RD, EV 86.3 MPH)
|
Bottom of the 3rd over - 2 runs, 2 hits, 0 errors, 1 left on base; Mumbai 0 - Kabul 5 |
TOP OF THE 4TH |
Mumbai Horsemen batting - Pitching for Kabul Snow Leopards : RHP Ugdada Jitu
|
Batting: RHB Jean Seruya
|
0-0: Called Strike 0-1: Ball 1-1: Ground out 6-3 (Groundball, 6, EV 102.5 MPH)
|
Batting: RHB Behlül Akbulut
|
0-0: Ball 1-0: Ball 2-0: Foul Ball, location: 9LSF 2-1: Foul Ball, location: 9LSF 2-2: Ball 3-2: Ground out 6-3 (Groundball, 6S, EV 65.6 MPH)
|
Batting: LHB Félix Cruz
|
0-0: Ball 1-0: Foul Ball, location: 2F 1-1: SINGLE (Groundball, 4MD, EV 94.4 MPH)
|
Batting: RHB Anis Wur
|
0-0: Called Strike 0-1: Swinging Strike 0-2: Foul Ball, location: 9LSF 0-2: SINGLE (Groundball, 6MD, EV 109.4 MPH) Félix Cruz to second Runner from 2nd tries for 3rd, SAFE, throw by CF made to third Anis Wur to second
|
Batting: RHB Greguorio Gabere
|
0-0: Ball 1-0: Ball 2-0: Called Strike 2-1: Ball Wild Pitch! Félix Cruz scores Anis Wur to third 3-1: Foul Ball, location: 9LDF 3-2: Foul Ball, location: 2F 3-2: Fly out, F9 (Flyball, 89D, EV 93.8 MPH)
|
Top of the 4th over - 1 run, 2 hits, 0 errors, 1 left on base; Mumbai 1 - Kabul 5 |
BOTTOM OF THE 4TH |
Kabul Snow Leopards batting - Pitching for Mumbai Horsemen : RHP Yebrir Seif
|
Pitching: RHP Belmiro Calaa
|
|
Batting: RHB Cetas Vijaysaradhi
|
0-0: Foul Ball, location: 3F 0-1: Ball 1-1: Fly out, F2 (Popup, 23F, EV 81.3 MPH)
|
Batting: RHB Adirizak Thenga
|
0-0: Ball 1-0: Fly out, F8 (Flyball, 8LS, EV 90.0 MPH)
|
Batting: RHB Zoubeir Onkwani
|
0-0: Called Strike 0-1: Ball 1-1: Ball 2-1: Foul Ball, location: 3SF 2-2: Foul Ball, location: 7LDF 2-2: Ball 3-2: Base on Balls
|
Batting: RHB Nabil Samy
|
0-0: Called Strike 0-1: Swinging Strike 0-2: Ball 1-2: Ball 2-2: Fly out, F7 (Flyball, 7, EV 90.0 MPH)
|
Bottom of the 4th over - 0 runs, 0 hits, 0 errors, 1 left on base; Mumbai 1 - Kabul 5 |
TOP OF THE 5TH |
Mumbai Horsemen batting - Pitching for Kabul Snow Leopards : RHP Ugdada Jitu
|
Batting: RHB Amayas Mammeri
|
0-0: Called Strike 0-1: Ground out 5-3 (Groundball, 56S, EV 89.4 MPH)
|
Batting: RHB Fakih Akil
|
0-0: Ball 1-0: Foul Ball, location: 2F 1-1: Swinging Strike 1-2: Foul Ball, location: 2F 1-2: Ground out 5-3 (Groundball, 56, EV 108.1 MPH)
|
Batting: RHB Nokrashy Sahiri
|
0-0: DOUBLE (Flyball, 9LD, EV 103.1 MPH)
|
Batting: RHB Rajendran Khanderia
|
0-0: Ball 1-0: Swinging Strike 1-1: Foul Ball, location: 9LMF 1-2: Strikes out swinging
|
Top of the 5th over - 0 runs, 1 hit, 0 errors, 1 left on base; Mumbai 1 - Kabul 5 |
BOTTOM OF THE 5TH |
Kabul Snow Leopards batting - Pitching for Mumbai Horsemen : RHP Belmiro Calaa
|
Batting: LHB Mendal Ben-Meir
|
0-0: Ball 1-0: Called Strike 1-1: Ball 2-1: Foul Ball, location: 7LSF 2-2: Foul Ball, location: 5FF 2-2: Ball 3-2: SOLO HOME RUN (Line Drive, 78XD, EV 111.9 MPH), Distance : 414 ft
|
Batting: LHB Berihun Diji
|
0-0: Foul Ball, location: 23F 0-1: Ball 1-1: Called Strike 1-2: SINGLE (Groundball, 34D, EV 103.8 MPH)
|
Batting: RHB Kedar Safwan
|
0-0: Ball 1-0: Called Strike 1-1: Swinging Strike 1-2: Ball 2-2: SINGLE (Line Drive, 9S, EV 94.4 MPH) Berihun Diji to second Runner from 2nd tries for 3rd, SAFE, throw by RF made to third
|
Batting: RHB Beni Patachli
|
0-0: Fielders Choice at 2nd, 5-4 (Groundball, 56, EV 88.8 MPH) Berihun Diji scores
|
Batting: RHB Bogli Scindia
|
0-0: Ball 1-0: DOUBLE (Line Drive, 7LM, EV 85.6 MPH) Beni Patachli to third
|
Batting: RHB Cetas Vijaysaradhi
|
0-0: SINGLE (Groundball, 4D, EV 103.1 MPH) Beni Patachli scores Bogli Scindia to third
|
Batting: RHB Adirizak Thenga
|
0-0: Ball Cetas Vijaysaradhi steals 2nd base 1-0: Called Strike 1-1: Ball 2-1: Ball 3-1: SINGLE (Groundball, 6MD, EV 111.3 MPH) Bogli Scindia scores Cetas Vijaysaradhi to third Runner from 3rd tries for Home, SAFE, throw by CF to home Adirizak Thenga to second
|
Pitching: RHP Mahir bin Nasser
|
|
Batting: RHB Zoubeir Onkwani
|
0-0: Ground out 4-3 (Groundball, 4, EV 88.8 MPH) Adirizak Thenga to third
|
Batting: RHB Nabil Samy
|
0-0: Called Strike 0-1: Ball 1-1: Ball 2-1: Swinging Strike 2-2: Ball 3-2: Fly out, F9 (Line Drive, 9LM, EV 93.1 MPH)
|
Bottom of the 5th over - 5 runs, 6 hits, 0 errors, 1 left on base; Mumbai 1 - Kabul 10 |
TOP OF THE 6TH |
Mumbai Horsemen batting - Pitching for Kabul Snow Leopards : RHP Ugdada Jitu
|
Batting: RHB Jean Seruya
|
0-0: Called Strike 0-1: DOUBLE (Line Drive, 78XD, EV 106.3 MPH)
|
Batting: RHB Behlül Akbulut
|
0-0: Foul Ball, location: 9LMF 0-1: Called Strike 0-2: Ball 1-2: Fly out, F7 (Line Drive, 78M, EV 96.9 MPH)
|
Batting: LHB Félix Cruz
|
0-0: Called Strike 0-1: Fly out, F8 (Flyball, 8LXD, EV 95.6 MPH) Runner from 2nd tags up, SAFE at 3rd, no throw by CF
|
Batting: RHB Anis Wur
|
0-0: Ball 1-0: Ball 2-0: Ball 3-0: Base on Balls
|
Batting: RHB Greguorio Gabere
|
0-0: Called Strike 0-1: SINGLE (Line Drive, 6D, EV 99.4 MPH) Jean Seruya scores Anis Wur to second Runner from 2nd tries for 3rd, SAFE, throw by CF made to third
|
Batting: RHB Amayas Mammeri
|
0-0: Foul Ball, location: 3DF 0-1: Ball 1-1: Ball 2-1: SINGLE (Groundball, 56D, EV 106.9 MPH) Anis Wur scores Greguorio Gabere to second Runner from 2nd tries for 3rd, SAFE, throw by LF made to third Amayas Mammeri to second
|
Pitching: LHP Bandhuman Vemireddy
|
|
Batting: RHB Fakih Akil
|
0-0: Foul Ball, location: 9LMF 0-1: Foul Ball, location: 9LSF 0-2: Strikes out swinging
|
Top of the 6th over - 2 runs, 3 hits, 0 errors, 2 left on base; Mumbai 3 - Kabul 10 |
BOTTOM OF THE 6TH |
Kabul Snow Leopards batting - Pitching for Mumbai Horsemen : RHP Mahir bin Nasser
|
Batting: LHB Mendal Ben-Meir
|
0-0: Called Strike 0-1: Ball 1-1: Foul Ball, location: 2F 1-2: Ball 2-2: Foul Ball, location: 23FF 2-2: Ball 3-2: Foul Ball, location: 23FF 3-2: Foul Ball, location: 7LMF 3-2: Foul Ball, location: 3F 3-2: Base on Balls
|
Batting: LHB Berihun Diji
|
0-0: Ball 1-0: Swinging Strike 1-1: Ball 2-1: Foul Ball, location: 7LMF 2-2: Foul Ball, location: 3DF 2-2: Grounds into double play, 6-4-3 (Groundball, 6, EV 98.1 MPH)
|
Batting: RHB Kedar Safwan
|
0-0: Called Strike 0-1: Swinging Strike 0-2: Ball 1-2: Ball 2-2: Strikes out swinging
|
Bottom of the 6th over - 0 runs, 0 hits, 0 errors, 0 left on base; Mumbai 3 - Kabul 10 |
TOP OF THE 7TH |
Mumbai Horsemen batting - Pitching for Kabul Snow Leopards : LHP Bandhuman Vemireddy
|
Batting: RHB Nokrashy Sahiri
|
0-0: Ball 1-0: Called Strike 1-1: SINGLE (Groundball, 34D, EV 106.3 MPH)
|
Batting: RHB Rajendran Khanderia
|
0-0: Foul Ball, location: 5F 0-1: Ball 1-1: Ball 2-1: Ball 3-1: Called Strike 3-2: Base on Balls Nokrashy Sahiri to second
|
Pinch Hitting: RHB Faqih Radi
|
0-0: Called Strike 0-1: Foul Ball, location: 9LSF 0-2: Fly out, F3 (Line Drive, 3L, EV 58.1 MPH) Lined into DP, U3 (Line Drive, 3L, EV 58.1 MPH)
|
Batting: RHB Behlül Akbulut
|
0-0: Called Strike 0-1: Ball 1-1: Ball 2-1: DOUBLE (Line Drive, 78XD, EV 105.6 MPH) Nokrashy Sahiri scores
|
Batting: LHB Félix Cruz
|
0-0: Fly out, F7 (Line Drive, 7LM, EV 96.9 MPH)
|
Top of the 7th over - 1 run, 2 hits, 0 errors, 1 left on base; Mumbai 4 - Kabul 10 |
BOTTOM OF THE 7TH |
Kabul Snow Leopards batting - Pitching for Mumbai Horsemen : RHP Mahir bin Nasser
|
Pitching: RHP Abdul-Ra'uf Talal
|
|
Now at 1B: Faqih Radi
|
|
Now at 2B: Anis Wur
|
|
Batting: RHB Beni Patachli
|
0-0: Fly out, F9 (Flyball, 9, EV 90.0 MPH)
|
Batting: RHB Bogli Scindia
|
0-0: Foul Ball, location: 2LF 0-1: Ball 1-1: Called Strike 1-2: Foul Ball, location: 2F 1-2: Ball 2-2: Foul Ball, location: 2F 2-2: Ground out 4-3 (Groundball, 4M, EV 78.8 MPH)
|
Batting: RHB Cetas Vijaysaradhi
|
0-0: Ball 1-0: Called Strike 1-1: Ball 2-1: Foul Ball, location: 25F 2-2: Ball 3-2: Base on Balls
|
Batting: RHB Adirizak Thenga
|
0-0: Swinging Strike 0-1: Ground out 5-3 (Groundball, 56S, EV 86.3 MPH)
|
Bottom of the 7th over - 0 runs, 0 hits, 0 errors, 1 left on base; Mumbai 4 - Kabul 10 |
TOP OF THE 8TH |
Mumbai Horsemen batting - Pitching for Kabul Snow Leopards : LHP Bandhuman Vemireddy
|
Pitching: LHP Zigza Ojore
|
|
Batting: RHB Anis Wur
|
0-0: Called Strike 0-1: Swinging Strike 0-2: Ball 1-2: Ball 2-2: Strikes out swinging
|
Batting: RHB Greguorio Gabere
|
0-0: Ball 1-0: Foul Ball, location: 2F 1-1: Swinging Strike 1-2: Strikes out swinging
|
Batting: RHB Amayas Mammeri
|
0-0: Ball 1-0: Ball 2-0: Called Strike 2-1: Swinging Strike 2-2: Strikes out swinging
|
Top of the 8th over - 0 runs, 0 hits, 0 errors, 0 left on base; Mumbai 4 - Kabul 10 |
BOTTOM OF THE 8TH |
Kabul Snow Leopards batting - Pitching for Mumbai Horsemen : RHP Abdul-Ra'uf Talal
|
Batting: RHB Zoubeir Onkwani
|
0-0: Ball 1-0: Called Strike 1-1: Foul Ball, location: 2F 1-2: Strikes out swinging
|
Batting: RHB Nabil Samy
|
0-0: Ball 1-0: Ball 2-0: Called Strike 2-1: Ball 3-1: Foul Ball, location: 9LDF 3-2: DOUBLE (Popup, 4D, EV 51.3 MPH)
|
Batting: LHB Mendal Ben-Meir
|
0-0: Called Strike 0-1: Ground out 1-3 (Groundball, P, EV 67.5 MPH)
|
Batting: LHB Berihun Diji
|
0-0: Called Strike 0-1: Ground out 6-3 (Groundball, 6, EV 90.0 MPH)
|
Bottom of the 8th over - 0 runs, 1 hit, 0 errors, 1 left on base; Mumbai 4 - Kabul 10 |
TOP OF THE 9TH |
Mumbai Horsemen batting - Pitching for Kabul Snow Leopards : LHP Zigza Ojore
|
Pitching: RHP Dahab Abioye
|
|
Batting: RHB Fakih Akil
|
0-0: SINGLE (Line Drive, 7S, EV 94.4 MPH)
|
Batting: RHB Nokrashy Sahiri
|
0-0: Ball 1-0: Foul Ball, location: 5SF 1-1: Foul Ball, location: 9LSF 1-2: Strikes out swinging
|
Pinch Hitting: LHB Iccaam Matiku
|
0-0: Called Strike 0-1: Ball 1-1: Foul Ball, location: 9LDF 1-2: Strikes out swinging
|
Batting: RHB Faqih Radi
|
0-0: Ball 1-0: Called Strike 1-1: Ground out 5-3 (Groundball, 56, EV 103.1 MPH)
|
Top of the 9th over - 0 runs, 1 hit, 0 errors, 1 left on base; Mumbai 4 - Kabul 10 |
|